Selects Luftwaffe Battlegroup
Selects Luftwaffe Pioneer Support
Fallschirmpioneer Squad Paradrop
Construct Infanterie Kompanie
Selects Flak 38 Anti-Air Emplacement
Construct Luftwaffe Kompanie
Selects Flak 36 Anti-tank Gun Emplacement
Selects Stuka Strafing Run
Selects Fallschirmjäger Squad Paradrop
Construct Panzergrenadier Kompanie
Nebelwerfer 42 Rocket Launcher Team
Fallschirmpioneer Squad Paradrop
Panzergrenadier Officer Quarters
Luftwaffe Officer Quarters
Infanterie Officer Quarters